 Seeded DCSS version 0.27-a0-1188-g73eefd5def (webtiles) character file.

Game seed: 16767568107801894396 (custom seed)

113 Shayle the Sneak (level 5, 0/38 HPs)
             Began as a Djinni Enchanter on May 21, 2021.
             Slain by an iguana (2 damage)
             ... on level 3 of the Dungeon.
             The game lasted 00:08:51 (4252 turns).

Shayle the Sneak (Djinni Enchanter)                 Turns: 4252, Time: 00:08:53

Health: 0/38       AC:  6    Str:  8    XL:     5   Next: 17%
Gold:   775        EV: 13    Int: 16    God:
                   SH:  0    Dex: 16

rFire    + + +     SeeInvis .   c - +0 scythe
rCold    x . .     Faith    .   (shield currently unavailable)
rNeg     + . .     Spirit   .   b - +0 robe
rPois    ∞         Reflect  .   (no helmet)
rElec    .         Harm     .   (no cloak)
rCorr    .         Rampage  .   (no gloves)
Will     .....                  (boots unavailable)
Stlth    +++.......             (no amulet)
HPRegen  0.12/turn              i - ring "Ysuj" {rF+ rN+ AC+4 Dex+2}
MPRegen  0.00/turn              (no ring)

@: flying, very slightly contaminated, studying Armour
A: sickness immunity, fire resistance 2, cold vulnerability 1, float, innate
caster, hp casting, extra vitality 1
a: no special abilities


You were on level 3 of the Dungeon.
You visited 1 branch of the dungeon, and saw 3 of its levels.

You collected 821 gold pieces.
You spent 46 gold pieces at shops.

Inventory:

Hand Weapons
 a - a +1 dagger
 c - a +0 scythe (weapon)
Armour
 b - a +0 robe (worn)
Jewellery
 i - the ring "Ysuj" (left hand) {rF+ rN+ AC+4 Dex+2}
   (You acquired it on level 2 of the Dungeon)

   [ring of protection]

   It affects your AC (+4).
   It affects your dexterity (+2).
   It protects you from fire.
   It protects you from negative energy.
Scrolls
 e - a scroll of vulnerability {unknown}
 f - a scroll of amnesia {unknown}
 h - a scroll of enchant armour {unknown}
Potions
 d - a potion of invisibility {unknown}
 j - 2 potions of flight {unknown}


   Skills:
 + Level 1.7 Fighting
 - Level 0.8 Short Blades
 + Level 0.0 Armour
 - Level 3.0 Dodging
 * Level 3.5 Stealth
 + Level 2.8 Spellcasting


You couldn't memorise any spells.
You knew the following spells:

 Your Spells              Type           Power      Damage    Failure   Level
a - Corona                Hex            12%        N/A       6%          1
b - Ensorcelled Hibernat  Hex/Ice        22%        N/A       9%          2
c - Confusing Touch       Hex            11%        N/A       17%         3
d - Tukima's Dance        Hex            11%        N/A       17%         3
e - Dazzling Flash        Conj/Hex       22%        N/A       17%         3
f - Magic Dart            Conj           44%        1d5       6%          1
g - Corpse Rot            Necr/Air       N/A        N/A       9%          2
Your spell library was empty.

Dungeon Overview and Level Annotations

Branches:
Dungeon (3/15)

Altars:

Shops:
D:1 !   D:2 ::!(*


Innate Abilities, Weirdness & Mutations

You are immune to sickness and miasma.
You are immune to poison.
Your flesh is very heat resistant. (rF++)
You are vulnerable to cold. (rC-)
You float through the air rather than walking.
You learn spells naturally, not from books.
Your magical power is your life essence.
You have superior vitality. (+4 HP)


Message History

The iguana is heavily wounded.
The iguana closely misses you. The iguana bites you!
Casting: Ensorcelled Hibernation (safe; 9% risk of failure)
Confirm with . or Enter, or press ? or * to list all spells.
Aiming: Ensorcelled Hibernation (safe; 9% risk of failure)
Press: ? - help, Shift-Dir - straight line, f/p - iguana
Aim: an iguana (heavily wounded, chance to affect: 50%)
The iguana resists with some effort.
The iguana misses you.
Casting: Ensorcelled Hibernation (safe; 9% risk of failure)
Confirm with . or Enter, or press ? or * to list all spells.
Aiming: Ensorcelled Hibernation (safe; 9% risk of failure)
Press: ? - help, Shift-Dir - straight line, f/p - iguana
Aim: an iguana (moderately wounded, chance to affect: 50%)
The iguana resists with some effort.
The iguana bites you!
* * * LOW HITPOINT WARNING * * *
Unknown command.
Casting: Ensorcelled Hibernation (safe; 9% risk of failure)
Confirm with . or Enter, or press ? or * to list all spells.
Aiming: Ensorcelled Hibernation (safe; 9% risk of failure)
Press: ? - help, Shift-Dir - straight line, f/p - iguana
Aim: an iguana (moderately wounded, chance to affect: 50%)
You miscast Ensorcelled Hibernation.
You are very lightly contaminated with residual magic.
Nothing appears to happen.
* * * LOW HITPOINT WARNING * * *
The iguana misses you.
Casting: Ensorcelled Hibernation (safe; 9% risk of failure)
Confirm with . or Enter, or press ? or * to list all spells.
Aiming: Ensorcelled Hibernation (safe; 9% risk of failure)
Press: ? - help, Shift-Dir - straight line, f/p - iguana
Aim: an iguana (moderately wounded, chance to affect: 50%)
The iguana looks drowsy...
* * * LOW HITPOINT WARNING * * *
The helpless iguana fails to defend itself.
You slash the iguana!
The iguana is almost dead.
The iguana bites you.
* * * LOW HITPOINT WARNING * * *
The iguana bites you.
You die...

+# # .#
#.##.####.#
#.......l.##
##@...##
#)<....#
##.....#
##..#.# ###
.. ##


You could see an iguana.

Vanquished Creatures
  Jessica (D:2)
  An adder (D:2)
  2 worms (D:2)
  3 dart slugs
  5 ball pythons
  2 endoplasms (D:2)
  2 giant cockroaches (D:1)
  2 goblins
  7 hobgoblins
  15 jackals
  A kobold (D:1)
  6 quokkas
  5 bats
  2 frilled lizards
  5 rats
59 creatures vanquished.

Notes
Turn   | Place    | Note
-------+----------+-------------------------------------------
     0 | D:1      | Shayle the Djinni Enchanter began the quest for the Orb.
     0 | D:1      | Reached XP level 1. HP: 15/15 MP: 0/0
   535 | D:1      | You are sucked into a shaft and drop 1 floor!
   537 | D:2      | Reached XP level 2. HP: 22/22 MP: 0/0
   908 | D:2      | Found Yhugen's Distillery.
   938 | D:1      | Reached XP level 3. HP: 15/26 MP: 0/0
   938 | D:1      | Learned a level 1 spell: Magic Dart
  1345 | D:1      | Reached skill level 1 in Fighting
  2144 | D:1      | Reached XP level 4. HP: 28/32 MP: 0/0
  2387 | D:1      | Found Diutwad's Distillery.
  2703 | D:2      | Found Xeatox's Weapon Boutique.
  2770 | D:2      | Found Sidd's Assorted Antiques.
  2774 | D:2      | Bought 2 scrolls labelled ZUMAISOSKEU for 46 gold pieces
  3097 | D:2      | Found a faded altar of an unknown god.
  3904 | D:2      | Found Teehij's Book Shoppe.
  3922 | D:2      | Noticed Jessica
  3930 | D:2      | Killed Jessica
  3931 | D:2      | Reached XP level 5. HP: 14/38 MP: 0/0
  3931 | D:2      | Learned a level 2 spell: Corpse Rot
  4156 | D:2      | Found Isyupont's Book Shoppe.
  4160 | D:2      | Acquired the ring "Ysuj" {rF+ rN+ AC+4 Dex+2}
  4161 | D:2      | Acquired 710 gold pieces
  4162 | D:2      | Acquired a manual of Armour
  4252 | D:3      | Slain by an iguana

Illustrated notes

Levels and vault maps discovered:
D:1:      dpeg_arrival_pits, layout_loops_ring, serial_shops, shop,
          minmay_pentomino_w4
D:2:      layout_basic, serial_shops, nicolae_shop_behind_doors, shop,
          shop_statue, shop, nicolae_shop_statue_plus,
          shapermc_ecumenical_altar_totnotflames, uniq_jessica
D:3:      layout_loops_corners, good_gods_mini_temple, gammafunk_ghost_cemetery,
          uniq_terence, uniq_crazy_yiuf_cottage

Skill      XL: |  1  2  3  4 |
---------------+-------------+-----
Stealth        | 3 |  3.5
Fighting       | 1 |  1.7
Dodging        | 3 |  3.0
Short Blades   | |  0.8
Spellcasting   | |  2.8

Action                   |  1- 3 |  4- 6 || total
-------------------------+-------+-------++-------
Melee: Dagger            |    17 |       ||    17
       Scythe            |    91 |   101 ||   192
 Cast: Ensorcelled Hiber |       |     5 ||     5
  Use: Scroll            |       |     3 ||     3
 Stab: Sleeping          |     4 |     5 ||     9
Armor: Robe              |    29 |    34 ||    63
Dodge: Dodged            |   116 |   106 ||   222

Table legend: (Time is in decaauts)
 A = Elapsed time spent in this place.
 B = Non-inter-level travel time spent in this place.
 C = Inter-level travel time spent in this place.
 D = Time resting spent in this place.
 E = Time spent auto-exploring this place.
 F = Levels seen in this place.
 G = Mean time per level.
                   A        B        C        D        E       F      G
               +--------+--------+--------+--------+--------+-----+--------+
         Total |   4442 |   4426 |     16 |   1926 |   1498 |   3 | 1480.7 |
       Dungeon |   4442 |   4426 |     16 |   1926 |   1498 |   3 | 1480.7 |
               +--------+--------+--------+--------+--------+-----+--------+

Top non-repeatable levels by time:
     D:1: 2408 daAuts
     D:2: 2002 daAuts
     D:3: 31 daAuts
